 Dungeon Crawl Stone Soup version 0.27-a0-1502-g47ed6a6988 (webtiles) character file.

Game seed: 11681271603327530109

11146 Demosthentine the Spear-Bearer (level 11, -26/91 HPs)
             Began as a Merfolk Gladiator on July 9, 2021.
             Was a Priest of the Shining One.
             Killed from afar by a fire dragon (34 damage)
             ... with a blast of flame
             ... on level 11 of the Dungeon.
             The game lasted 00:13:03 (12406 turns).

Demosthentine the Spear-Bearer (Merfolk Gladiator) Turns: 12406, Time: 00:13:04

Health: -26/91     AC: 13    Str: 23    XL:     11   Next: 73%
Magic:  15/15      EV: 19    Int:  7    God:    the Shining One [***...]
Gold:   219        SH:  5    Dex: 17    Spells: 10/10 levels left

rFire    . . .     SeeInvis .   r - +2 trident (venom)
rCold    + . .     Faith    .   (no shield)
rNeg     + . .     Spirit   .   b - +0 leather armour
rPois    .         Reflect  +   c - +1 helmet
rElec    .         Harm     .   y - +2 cloak {Stlth+}
rCorr    .         Rampage  +   J - +0 pair of gloves
Will     .....                  f - +2 pair of boots {rampage}
Stlth    +.........             q - amulet of reflection
HPRegen  0.25/turn              i - +6 ring of strength
MPRegen  0.14/turn              a - ring of protection from cold

@: glowing
A: (nimble swimmer 2), mertail
a: Renounce Religion, Divine Shield


You were on level 11 of the Dungeon.
You worshipped the Shining One.
The Shining One was most pleased with you.
You visited 2 branches of the dungeon, and saw 12 of its levels.

You collected 470 gold pieces.
You spent 251 gold pieces at shops.

Inventory:

Hand Weapons
 r - a +2 trident of venom (weapon)
Missiles
 d - 2 throwing nets (quivered)
 H - 2 curare-tipped darts
Armour
 b - a +0 leather armour (worn)
 c - a +1 helmet (worn)
 f - a +2 pair of boots of rampaging (worn)
 y - a +2 cloak of stealth (worn)
 J - a +0 pair of gloves (worn)
Jewellery
 a - a ring of protection from cold (right hand)
 i - a +6 ring of strength (left hand)
 k - a ring of resist corrosion
 q - an amulet of reflection (around neck)
 E - an amulet of regeneration
Wands
 m - a wand of polymorph (20)
 p - a wand of digging (4)
 s - a wand of flame (107)
 x - a wand of paralysis (2)
 A - a wand of charming (8)
 G - a wand of iceblast (17)
Scrolls
 h - 2 scrolls of enchant weapon
 o - a scroll of fog
 t - 5 scrolls of enchant armour
 v - 4 scrolls of blinking
 w - 3 scrolls of magic mapping
 B - a scroll of teleportation
 C - 2 scrolls of fear
 D - 2 scrolls of identify
 I - a scroll of amnesia
Potions
 e - a potion of lignification
 g - a potion of mutation
 l - 4 potions of brilliance
 n - 3 potions of curing
 u - 2 potions of resistance
 z - a potion of flight
 F - a potion of might


   Skills:
 + Level 10.2 Fighting
 + Level 13.2 Polearms
 - Level 2.0 Throwing
 - Level 5.3 Armour
 + Level 12.3 Dodging
 + Level 6.1 Invocations


You had 10 spell levels left.
You didn't know any spells.
Your spell library contained the following spells:

 Spells                   Type           Power      Damage    Failure   Level
 Freeze                   Ice            0%         1d3       45%         1
 Magic Dart               Conj           0%         1d3       45%         1
 Sandblast                Erth           0%         2d4       45%         1
 Blink                    Tloc           N/A        N/A       61%         2
 Passwall                 Tmut/Erth      0%         N/A       61%         2
 Searing Ray              Conj           0%         3d3       61%         2
 Sublimation of Blood     Necr           0%         N/A       61%         2
 Conjure Flame            Conj/Fire      0%         6-21      83%         3
 Frozen Ramparts          Ice            0%         1d2       83%         3
 Ignite Poison            Fire/Tmut/Pois 0%         N/A       83%         3
 Lesser Beckoning         Tloc           0%         N/A       83%         3
 Stone Arrow              Conj/Erth      0%         3d7       83%         3
 Fulminant Prism          Conj/Hex       0%         3d6       99%         4
 Hailstorm                Conj/Ice       0%         3d3       99%         4
 Leda's Liquefaction      Hex/Erth       0%         N/A       99%         4
 Petrify                  Tmut/Erth      0%         N/A       99%         4
 Sticky Flame             Conj/Fire      0%         2d3       99%         4
 Bolt of Magma            Conj/Fire/Erth 0%         4d4       100%        5
 Irradiate                Conj/Tmut      0%         3d13      100%        5
 Lee's Rapid Deconstruct  Erth           0%         3d5*      100%        5
 Manifold Assault         Tloc           0%         N/A       100%        5
 Statue Form              Tmut/Erth      0%         N/A       100%        6
 Shatter                  Erth           0%         3d5*      100%        9


Dungeon Overview and Level Annotations

Branches:
Dungeon (11/15)            Temple (1/1) D:6            Lair (0/6) D:9
    Orc: D:9-12

Altars:
Ashenzari
Cheibriados
Dithmenos
Elyvilon
Fedhas
Gozag
Hepliaklqana
Kikubaaqudgha
Makhleb
Nemelex Xobeh
Okawaru
Qazlal
Ru
Sif Muna
Trog
Uskayaw
Vehumet
Wu Jian
Xom
Yredelemnul
Zin
The Shining One
Lugonu

Shops:
D:2 *   D:3 *   D:5 (   D:6 [(*[

Annotations:
D:7 1 runed translucent door, ICEMaiden's ghost, novice SpWz


Innate Abilities, Weirdness & Mutations

((You are quick and stealthy near water. (Stealth+, EV+, Speed+++)))
Your lower body shifts to a powerful aquatic tail in water.


Message History

Unknown command.
You hit the fire dragon.
The fire dragon is heavily wounded.
The fire dragon closely misses you. The fire dragon misses you.
The fire dragon tramples you.
You hold your ground!
Unknown command.
You hit the fire dragon.
The fire dragon is severely wounded.
Unknown command.
You hit the fire dragon.
The fire dragon looks as sick as possible!
The fire dragon is severely wounded.
You block the fire dragon's attack.
The fire dragon claws you but does no damage.
You block the fire dragon's attack.
Unknown command.
You hit the fire dragon.
The fire dragon is severely wounded.
The fire dragon breathes flames at you. The blast of flame misses you.
Unknown command.
You puncture the fire dragon!
The fire dragon is severely wounded.
You hit the fire dragon but do no damage.
The fire dragon is severely wounded.
The fire dragon breathes flames at you. The blast of flame hits you!!!
* * * LOW HITPOINT WARNING * * *
You are too injured to fight recklessly!
You are too injured to fight recklessly!
Unknown command.
You feel better. The fire dragon misses you.
The fire dragon claws you but does no damage.
The fire dragon tramples you but does no damage.
You hit the fire dragon but do no damage.
The fire dragon looks as sick as possible!
The fire dragon is almost dead.
The fire dragon breathes flames at you. The blast of flame hits you!!
You die...

#......##########...
#...................
+..................
###................#
...................#
...................#
...................#
.............##...##
..........###@#...#
#.<.......#.D####.#
#.......##### .# #
#.......# #.#
##.......##### #)#
#............########
..#................#[#
..#..............###.#
..+..............#.#.#


You could see a fire dragon (extremely poisoned, catching breath).

Vanquished Creatures
  A stone giant (D:11)
  A hydra (D:11)
  2 two-headed ogres (D:9)
  The ghost of Rassilon the Fighter, a novice GrFi (D:9)
  Pikel (D:7)
  An orc knight (D:11)
  A manticore (D:9)
  A gargoyle (D:10)
  An unseen horror (D:8)
  3 trolls
  A queen bee (D:10)
  A hornet (shapeshifter) (D:11)
  Grinder (D:6)
  A wyvern (D:9)
  Sigmund (D:4)
  A vampire mosquito (D:8)
  Menkaure (D:6)
  Duvessa (D:6)
  2 water moccasins
  A necrophage (D:6)
  2 orc warriors
  A black bear (D:7)
  An ogre (D:4)
  6 centaurs
  A lemure (D:7)
  3 kobold brigands
  Blork the orc (D:5)
  2 bullfrogs (D:7)
  2 gnoll sergeants (D:9)
  Dowan (D:6)
  12 killer bees
  8 electric eels (D:7)
  A crimson imp (D:3)
  A bullfrog zombie (D:7)
  4 centaur zombies
  4 orc priests
  Crazy Yiuf (D:6)
  2 hounds (D:6)
  8 orc wizards
  An iguana (D:7)
  A scorpion zombie (D:5)
  A howler monkey zombie (D:8)
  13 gnolls
  8 adders
  A shadow imp (D:5)
  2 white imps
  2 ufetubi (D:6)
  An adder skeleton (D:4)
  2 worms
  A dart slug (D:5)
  34 orcs
  11 endoplasms
  A giant cockroach (D:3)
  11 goblins
  11 hobgoblins
  6 jackals
  19 kobolds
  4 quokkas
  3 training dummies (D:6)
  5 ball pythons
  9 bats
  6 frilled lizards
  5 rats
  A spectral hobgoblin (D:4)
244 creatures vanquished.

Vanquished Creatures (others)
  3 fungi (D:9)
  28 plants
  2 withered plants (D:7)
33 creatures vanquished.

Grand Total: 277 creatures vanquished

Notes
Turn   | Place    | Note
-------+----------+-------------------------------------------
     0 | D:1      | Demosthentine the Merfolk Gladiator began the quest for the
                  | Orb.
     0 | D:1      | Reached XP level 1. HP: 16/16 MP: 1/1
   132 | D:1      | Reached XP level 2. HP: 16/23 MP: 2/2
   480 | D:1      | Reached XP level 3. HP: 28/28 MP: 3/3
   758 | D:2      | Reached skill level 5 in Polearms
   942 | D:2      | Found a glowing golden altar of the Shining One.
   973 | D:2      | Became a worshipper of the Shining One
  1038 | D:2      | Found Fiem's Assorted Antiques.
  1071 | D:2      | Bought a scroll labelled AKKUPA EREUTIT for 21 gold pieces
  1131 | D:2      | Reached skill level 1 in Armour
  1137 | D:2      | Reached XP level 4. HP: 35/35 MP: 4/4
  1747 | D:3      | Found Utikk's Assorted Antiques.
  1820 | D:3      | Reached skill level 5 in Dodging
  1830 | D:3      | Reached XP level 5. HP: 26/41 MP: 5/5
  2173 | D:3      | Found a burning altar of Makhleb.
  2173 | D:3      | Found a radiant altar of Vehumet.
  2356 | D:3      | Found a faded altar of an unknown god.
  2366 | D:3      | Reached skill level 6 in Polearms
  2419 | D:3      | Reached * piety under the Shining One
  2426 | D:3      | Reached XP level 6. HP: 48/48 MP: 6/6
  2642 | D:4      | Found a bloodstained altar of Trog.
  2781 | D:3      | Bought a scroll labelled SAENO VETUE for 26 gold pieces
  3215 | D:4      | Found a glowing golden altar of the Shining One.
  3315 | D:4      | Noticed Sigmund
  3329 | D:5      | Entered Level 5 of the Dungeon
  3550 | D:4      | Killed Sigmund
  3551 | D:4      | Reached XP level 7. HP: 16/55 MP: 7/7
  3861 | D:4      | Found a hazy altar of Hepliaklqana.
  4303 | D:2      | Bought a runed trident for 136 gold pieces
  4386 | D:5      | Reached skill level 7 in Polearms
  4453 | D:5      | Found an ancient bone altar of Kikubaaqudgha.
  4456 | D:5      | Found Vucoask's Antique Weapon Boutique.
  4678 | D:5      | Noticed Blork the orc
  4691 | D:5      | Killed Blork the orc
  4692 | D:5      | Reached skill level 5 in Fighting
  4838 | D:5      | Found a stormy altar of Qazlal.
  4957 | D:5      | Found a sparkling altar of Nemelex Xobeh.
  5045 | D:5      | Found a hide-covered altar of Uskayaw.
  5266 | D:6      | Found Inuass's Armour Boutique.
  5275 | D:6      | Reached XP level 8. HP: 43/62 MP: 8/8
  5395 | D:6      | Found a staircase to the Ecumenical Temple.
  5415 | Temple   | Entered the Ecumenical Temple
  5595 | D:6      | Found Nuaw's Assorted Antiques.
  5611 | D:6      | Bought a dark potion for 22 gold pieces
  5638 | D:6      | Reached skill level 8 in Polearms
  5655 | D:6      | Found Huecvous's Armour Boutique.
  5685 | D:6      | Noticed Menkaure
  5685 | D:6      | Reached ** piety under the Shining One
  5693 | D:6      | Killed Menkaure
  5742 | D:6      | Noticed Grinder
  5742 | D:6      | Noticed Dowan
  5743 | D:6      | Noticed Duvessa
  5758 | D:6      | Paralysed by Grinder for 4 turns
  5765 | D:6      | Killed Grinder
  5766 | D:6      | Killed Duvessa
  5769 | D:6      | Killed Dowan
  6066 | D:6      | Found Readapni's Firing Range.
  6167 | D:6      | Reached skill level 9 in Polearms
  6171 | D:6      | Reached XP level 9. HP: 59/71 MP: 9/9
  6258 | D:6      | Found a runed translucent door.
  6259 | D:6      | Noticed Crazy Yiuf
  6265 | D:6      | Killed Crazy Yiuf
  6759 | D:7      | Noticed Pikel
  6770 | D:7      | Paralysed by Pikel for 5 turns
  6778 | D:7      | Paralysed by Pikel for 2 turns
  6787 | D:7      | Paralysed by Pikel for 5 turns
  6793 | D:7      | Killed Pikel
  6794 | D:7      | Reached skill level 10 in Polearms
  6944 | D:7      | Found a white marble altar of Elyvilon.
  7172 | D:7      | Found a runed translucent door.
  7172 | D:7      | Noticed ICEMaiden's ghost (novice SpWz)
  7232 | D:7      | Found a basalt altar of Yredelemnul.
  7699 | D:7      | Found a broken altar of Ashenzari.
  8315 | D:3      | Bought a murky blue potion for 23 gold pieces
  8315 | D:3      | Bought a dark potion for 23 gold pieces
  8562 | D:8      | Reached skill level 5 in Armour
  8669 | D:8      | Noticed an unseen horror
  8675 | D:8      | Killed an unseen horror
  8676 | D:8      | Reached skill level 10 in Dodging
  8676 | D:8      | Reached XP level 10. HP: 59/80 MP: 10/10
  9439 | D:9      | Noticed a two-headed ogre
  9449 | D:9      | Killed a two-headed ogre
  9450 | D:9      | Reached skill level 11 in Polearms
  9450 | D:9      | Reached skill level 1 in Invocations
  9504 | D:9      | Found a runed translucent gate.
  9507 | D:9      | Found a runed translucent gate.
  9508 | D:9      | Found a runed translucent gate.
  9508 | D:9      | Noticed Rassilon's ghost (novice GrFi)
  9771 | D:9      | Found a staircase to the Lair.
  9969 | D:9      | Found a sacrificial altar of Ru.
 10009 | D:9      | Noticed a two-headed ogre
 10022 | D:9      | Killed a two-headed ogre
 10060 | D:9      | Identified the +7 dagger of Ysaysa {elec, rElec rCorr Dex-4
                  | SInv}
 10211 | D:9      | Reached *** piety under the Shining One
 10283 | D:9      | Noticed a manticore
 10296 | D:8      | Reached skill level 12 in Polearms
 10599 | D:9      | Killed a manticore
 10600 | D:9      | Reached XP level 11. HP: 66/89 MP: 12/14
 10820 | D:9      | Killed Rassilon's ghost
 10956 | D:10     | Entered Level 10 of the Dungeon
 11421 | D:10     | Reached skill level 5 in Invocations
 11733 | D:11     | Noticed an eight-headed hydra
 11746 | D:11     | Killed an eight-headed hydra
 11951 | D:11     | Noticed an orc knight
 11957 | D:11     | Noticed a stone giant
 11977 | D:11     | Killed a stone giant
 11978 | D:11     | Reached skill level 10 in Fighting
 11978 | D:11     | Reached skill level 13 in Polearms
 11979 | D:11     | Killed an orc knight
 12388 | D:11     | Noticed a fire dragon
 12404 | D:11     | HP: 3/91 [fire dragon/blast of flame (45)]
 12406 | D:11     | Killed from afar by a fire dragon

Illustrated notes

Levels and vault maps discovered:
D:1:      dpeg_arrival_tiny_b, layout_loops_ring, minmay_misc_feat_four_crosses,
          lemuel_old_faithful
D:2:      layout_basic, basic_altar, serial_shops, nicolae_shop_trees
D:3:      minmay_chambers_of_threes, layout_rooms,
          grunt_temple_overflow_lords_of_destruction, serial_shops,
          nicolae_shop_crystal, ebering_ecumenical_altar_hall,
          minmay_strange_pillars
D:4:      layout_layer_cave, nicolae_hepliaklqana_monster_ancestors,
          bloody_trog, nicolae_overflow_crystal_walls, uniq_sigmund
D:5:      layout_gridville, nemelex_diamond_rough_becter, kennysheep_mini,
          kiku_gazebo_garden_becter, mainiacjoe_overflow_alcove_1,
          mrwooster_statue_mirror, moated_statue, st_stairs_10,
          minmay_shop_grid_forest, uniq_blork_the_orc
D:6:      layout_gridville, minmay_temple_entry_offerings, serial_shops, shop,
          nicolae_shop_overgrown_old_shop, shop, nicolae_shop_firing_range,
          uniq_crazy_yiuf_cottage, uniq_grinder, uniq_duvessa, uniq_menkaure
D:7:      layout_loops_ring, lemuel_doored_altar, kennysheep_ying_yang,
          serial_bayou, serial_bayou_lagoon_b, serial_bayou_ford_a,
          serial_bayou_shore_b, serial_bayou_pond_b, serial_bayou_lagoon_a,
          serial_bayou_pond_e, gammafunk_ghost_grave, uniq_pikel
D:8:      layout_basic
D:9:      layout_irregular_city, mainiacjoe_overflow_catwalk, dpeg_oklobed_lair,
          ebering_ghost_rock_garden, nicolae_underground_beach
D:10:     layout_loops_ring, nicolae_looking_at_the_future
D:11:     minmay_chopped_fan, layout_irregular_city
Temple:   kb_corrupted_temple

Skill      XL: |  1  2  3  4  5  6  7  8  9 10 11 |
---------------+----------------------------------+-----
Polearms       | 5 6 7 9 10 12 13 | 13.2
Fighting       | 3 4 5 6 8 9 10 | 10.2
Armour         | 1 2 3 4 5 |  5.3
Dodging        | 5 6 7 8 10 11 12 | 12.3
Invocations    | 4 6 |  6.1
Throwing       | |  2.0

Action                   |  1- 3 |  4- 6 |  7- 9 | 10-12 || total
-------------------------+-------+-------+-------+-------++-------
Melee: Trident           |   108 |   201 |   247 |   302 ||   858
       Tailslap          |       |       |     6 |       ||     6
Throw: Throwing net      |       |     1 |       |     1 ||     2
Invok: Divine Shield     |       |       |       |     1 ||     1
  Use: Scroll            |     3 |     9 |     5 |     4 ||    21
       Potion            |       |       |     1 |     3 ||     4
 Stab: Sleeping          |     1 |       |       |       ||     1
Armor: Leather armour    |    25 |    29 |    31 |    44 ||   129
Dodge: Dodged            |    59 |    79 |   105 |   179 ||   422
Block: Other             |       |    31 |    42 |    48 ||   121
       Reflection        |       |       |     1 |     5 ||     6

Table legend: (Time is in decaauts)
 A = Elapsed time spent in this place.
 B = Non-inter-level travel time spent in this place.
 C = Inter-level travel time spent in this place.
 D = Time resting spent in this place.
 E = Time spent auto-exploring this place.
 F = Levels seen in this place.
 G = Mean time per level.
                   A        B        C        D        E       F      G
               +--------+--------+--------+--------+--------+-----+--------+
         Total |  12239 |  11462 |    777 |    798 |   9109 |  12 | 1019.9 |
       Dungeon |  12111 |  11335 |    776 |    798 |   8998 |  11 | 1101.0 |
        Temple |    128 |    128 |      0 |      0 |    111 |   1 |  128.0 |
               +--------+--------+--------+--------+--------+-----+--------+

Top non-repeatable levels by time:
     D:7: 1861 daAuts
     D:4: 1533 daAuts
     D:9: 1287 daAuts
     D:8: 1197 daAuts
     D:3: 1187 daAuts
     D:5: 1080 daAuts
     D:6: 930 daAuts
     D:2: 905 daAuts
    D:11: 723 daAuts
     D:1: 722 daAuts
    D:10: 681 daAuts
  Temple: 128 daAuts
